 Dungeon Crawl Stone Soup version 0.21-a0-369-g397cdb2 (webtiles) character file.

158 theanonym the Skirmisher (level 5, -1/51 HPs)
             Began as a Gargoyle Berserker on Oct 15, 2017.
             Was a Believer of Trog.
             Slain by an ogre
             ... wielding a +0 giant spiked club
              (20 damage)
             ... on level 4 of the Dungeon.
             The game lasted 00:05:01 (2377 turns).

theanonym the Skirmisher (Gargoyle Berserker)       Turns: 2377, Time: 00:05:02

Health: -1/51      AC: 11    Str: 26    XL:     5   Next: 40%
Magic:  5/5        EV: 10    Int:  8    God:    Trog [**....]
Gold:   107        SH:  0    Dex:  9    Spells: 4/4 levels left

rFire    + . .     SeeInvis +   a - +1 hand axe
rCold    . . .     Gourm    .   (no shield)
rNeg     + . .     Faith    .   n - +0 scale mail
rPois    ∞         Spirit   .   (no helmet)
rElec    +         Reflect  .   (no cloak)
rCorr    .         Harm     +   (no gloves)
MR       .....                  (no boots)
Stlth    ..........             l - amulet of harm
HPRegen  0.17/turn              d - ring of protection from fire
MPRegen  0.09/turn              s - ring of see invisible

@: berserking (expiring), very quick
A: negative energy resistance 1, electricity resistance, unbreathing,
petrification resistance, rot immunity, AC +4
a: Berserk, Trog's Hand, Burn Spellbooks, Renounce Religion


You were on level 4 of the Dungeon.
You worshipped Trog.
Trog was pleased with you.
You were very hungry.

You visited 1 branch of the dungeon, and saw 4 of its levels.

You collected 107 gold pieces.

Inventory:

Hand Weapons
 a - a +1 hand axe (weapon)
Armour
 b - a +0 animal skin
 n - a +0 scale mail (worn)
   (You took it off Terence on level 2 of the Dungeon)
 t - a +0 chain mail
   (You found it on level 3 of the Dungeon)
Jewellery
 d - a ring of protection from fire (left hand)
   (You found it on level 1 of the Dungeon)
 g - an uncursed amulet of the gourmand
   (You found it on level 2 of the Dungeon)
 l - an amulet of harm (around neck)
   (You found it on level 1 of the Dungeon)
 s - a ring of see invisible (right hand)
   (You found it on level 3 of the Dungeon)
Scrolls
 p - 2 scrolls of identify {unknown}
 r - a scroll of blinking
Potions
 e - 3 potions of heal wounds {unknown}
 k - 3 potions of curing {unknown}
 m - a potion of berserk rage {unknown}
 o - a potion of degeneration {unknown}
 q - a potion of flight {unknown}
Comestibles
 c - 4 bread rations
 f - a meat ration
 h - 2 royal jellies
 i - 5 chunks of flesh


   Skills:
 + Level 4.5 Fighting
 + Level 3.8 Axes
 + Level 3.8 Armour
 - Level 1.5 Dodging


You had 4 spell levels left.
You didn't know any spells.

Dungeon Overview and Level Annotations

Branches:
Dungeon (4/15)
 Temple: D:4-7

Altars:


Innate Abilities, Weirdness & Mutations

You are resistant to torment.
Your stone body is resilient. (AC +4)
You are immune to poison.
You resist negative energy. (rN+)
You are resistant to electric shocks. (rElec)
You can survive without breathing.
You are immune to petrification.
You are immune to rotting.


Message History

No target in view!
You butcher the goblin corpse.
i - 12 chunks of flesh (gained 3)
You see here a club. x2
Found 15 poisoned needles.
No target in view!
Unknown command.
Found an escape hatch in the floor.
You see here 15 poisoned needles.
Found a stone staircase leading down.
No target in view!
q - a viscous purple potion
c - 3 bread rations (gained 1)
r - a scroll of blinking No target in view!
c - 4 bread rations (gained 1) Some of the chunks of flesh in your inventory have rotted away.
s - a glowing glass ring No target in view!
No target in view!
Done exploring.
No target in view!
Done exploring.
Done exploring.
No target in view!
Okay, then.
Put on which piece of jewellery? (? for menu, Esc to quit)
s - a ring of see invisible (right hand) Put on which piece of jewellery? (? for menu, Esc to quit)
You feel a craving for the dungeon's cuisine.
g - an amulet of the gourmand (around neck) Put on which piece of jewellery? (? for menu, Esc to quit)
You remove your amulet of the gourmand.
l - an amulet of harm (around neck) Done exploring.
Done exploring.
Unknown command.
Done exploring.
No target in view!
Unknown command.
Unknown command.
Search for what [Enter for "armor", or ? for help]?
Some of the chunks of flesh in your inventory have rotted away.
You see here a chain mail.
t - a chain mail Done exploring.
There is a stone staircase leading down here.
Search for what [Enter for "armor", or ? for help]? flail You see here a leather armour.
There is an escape hatch in the ceiling here.
You see here 6 stones.
You see here a runed flail.
u - a runed flail Wield which item (- for none, * to show all)? (? for menu, Esc to quit)
It sticks to your hand!
u - a cursed -3 flail (weapon)
Drop what? 21/52 slots (_ for help) (? for menu, Esc to quit)
Okay, then.
As you read the scroll labeled PALOBOEFRE, it crumbles to dust.
You feel as if something is helping you.
It was a scroll of remove curse.
You are now empty-handed.
You drop a -3 flail.
Wield which item (- for none, * to show all)? (? for menu, Esc to quit)
a - a +1 hand axe (weapon)
Drop what? 19/52 slots (_ for help) (? for menu, Esc to quit)
Okay, then.
Unknown command.
Done exploring.
Done exploring.
Done exploring.
No target in view!
No target in view!
Done exploring.
No target in view!
There is a stone staircase leading down here.
You climb downwards.
An ogre comes into view. It is wielding a giant spiked club.
The ogre shouts!
There is a stone staircase leading up here.
A red film seems to cover your vision as you go berserk!
You feel yourself moving faster!
You feel mighty!
You are feeling very hungry.
You now have 51/51 hp.
You feel a strong urge to attack something.
You barely miss the ogre.
The ogre hits you with a giant spiked club!
You take 15 damage, and have 36/51 hp.
MASSIVE DAMAGE!!
You closely miss the ogre.
There is a stone staircase leading up here.
Unknown command.
You hit the ogre.
The ogre hits you with a giant spiked club!
* * * LOW HITPOINT WARNING * * *
You take 18 damage, and have 19/51 hp.
MASSIVE DAMAGE!!
You hit the ogre. You slash the ogre!
The ogre hits you with a giant spiked club!
You die...

####### #
#.....###..#
#...@....#.#
#...O.......
#...........
#..........#
#.........##
#.....##..#
#.##### .##
## #


You could see an ogre.

Vanquished Creatures
  Jessica (D:2)
  Terence (D:2)
  4 adders
  A worm (D:2)
  2 dart slugs (D:3)
  2 leopard geckos (D:2)
  2 orcs (D:3)
  5 bats
  4 giant cockroaches
  12 goblins
  7 hobgoblins
  4 jackals (D:3)
  2 kobolds
  A quokka (D:2)
  5 frilled lizards
  6 rats
59 creatures vanquished.

Notes
Turn   | Place    | Note
-------+----------+-------------------------------------------
     0 | D:1      | theanonym the Gargoyle Berserker began the quest for the Orb.
     0 | D:1      | Reached XP level 1. HP: 14/14 MP: 1/1
   229 | D:1      | Reached XP level 2. HP: 16/19 MP: 2/2
   426 | D:1      | Reached skill level 3 in Axes
   884 | D:2      | Reached XP level 3. HP: 24/24 MP: 3/3
   891 | D:2      | Reached ** piety under Trog
   921 | D:2      | Noticed Terence
   926 | D:2      | Killed Terence
   926 | D:2      | Reached skill level 4 in Fighting
   926 | D:2      | Reached skill level 3 in Armour
   926 | D:2      | Reached XP level 4. HP: 29/29 MP: 4/4
  1022 | D:2      | Noticed Jessica
  1038 | D:2      | Killed Jessica
  1541 | D:2      | Reached XP level 5. HP: 33/34 MP: 5/5
  2369 | D:4      | Noticed an ogre
  2377 | D:4      | Slain by an ogre

Vault maps used:
D:1:      dpeg_arrival_ternary
D:2:      uniq_terence, uniq_jessica
D:3:      first_bread
D:4:      hangedman_decor_points

Skill      XL: |  1  2  3 |
---------------+----------+-----
Axes           | 3 |  3.8
Fighting       | 4 |  4.5
Armour         | 3 |  3.8
Dodging        | |  1.5

Action                   |  1- 3 |  4- 6 || total
-------------------------+-------+-------++-------
Melee: Hand axe          |    67 |   138 ||   205
Invok: Berserk           |     1 |     1 ||     2
       Trog's Hand       |       |     2 ||     2
  Use: Scroll            |       |     7 ||     7
 Stab: Sleeping          |     2 |       ||     2
  Eat: Chunk             |       |     6 ||     6
Armor: Animal skin       |    26 |    22 ||    48
       Scale mail        |       |    52 ||    52
Dodge: Dodged            |    44 |   102 ||   146

Table legend:
 A = Spawn XP
 B = Non-spawn XP
 C = Spawn XP percentage of total XP
 D = Spawn monster count
 E = Non-spawn monster count
 F = Spawn count percentage of total count
 G = Total turns spent on level
                    A         B        C        D         E        F      G
               +---------+---------+-------+---------+---------+-------+---------
         Total |       0 |     227 |   0.0 |       0 |      59 |   0.0 |  2377
               +---------+---------+-------+---------+---------+-------+---------
           D:1 |       0 |      33 |   0.0 |       0 |      19 |   0.0 |   882
           D:2 |       0 |     139 |   0.0 |       0 |      18 |   0.0 |   852
           D:3 |       0 |      55 |   0.0 |       0 |      22 |   0.0 |   635
               +---------+---------+-------+---------+---------+-------+---------
